 Dungeon Crawl Stone Soup version 0.28.0-43-g3370ac3207 (webtiles) character file.

Game seed: 1486667293712470955

4329 Pinkishskies the Thaumaturge (level 10, -2/63 HPs)
             Began as a Djinni Fire Elementalist on Mar 23, 2022.
             Was an Initiate of Ashenzari.
             Slain by a vampire (7 damage)
             ... on level 8 of the Dungeon on Mar 24, 2022.
             The game lasted 00:29:48 (11318 turns).

Pinkishskies the Thaumaturge (DjFE)                Turns: 11318, Time: 00:29:49

Health: -2/63      AC:  6    Str:  7    XL:     10   Next: 59%
Gold:   405        EV: 12    Int: 21    God:    Ashenzari [......] SH:  0 Dex: 20

rFire   + + .      SeeInvis .   (no weapon)
rCold   x . .      Faith    .   (no shield)
rNeg    . . .      Spirit   .   H - +2 leather armour {rPois}
rPois   ∞          Reflect  .   (no helmet)
rElec   .          Harm     .   i - +0 cloak
rCorr   .          Rampage  .   (no gloves)
Will    +....                   (boots unavailable)
Stlth   +.........              (no amulet)
HPRegen 0.20/turn               r - +6 ring of dexterity
MPRegen 0.00/turn               (no ring)

@: confused, flying
A: sickness immunity, fire resistance 2, cold vulnerability 1, float, innate
caster, HP casting, extra vitality 1
a: Renounce Religion, Curse Item


You were on level 8 of the Dungeon.
You worshipped Ashenzari.
Ashenzari was noncommittal.
You visited 1 branch of the dungeon, and saw 8 of its levels.
You also visited: Ossuary.

You collected 405 gold pieces.

Inventory:

Missiles
 E - 3 throwing nets
Armour
 a - a +0 robe
 b - a +0 leather armour
 i - a +0 cloak (worn)
 s - an orb of wrath
 H - a +2 leather armour of poison resistance (worn)
Magical Staves
 n - a staff of death
Jewellery
 g - a ring of ice
 r - a +6 ring of dexterity (left hand)
 D - a ring of resist corrosion
 I - an amulet of reflection
Wands
 j - a wand of iceblast (13)
 t - a wand of paralysis (8)
 C - a wand of flame (16)
Scrolls
 e - 2 scrolls of vulnerability {unknown}
 f - a scroll of enchant armour
 h - 2 scrolls of magic mapping
 k - a scroll of noise {unknown}
 l - 3 scrolls of enchant weapon {unknown}
 m - 2 scrolls of summoning {unknown}
 p - 2 scrolls of teleportation {unknown}
 w - a scroll of fear {unknown}
 y - 2 scrolls of fog {unknown}
 F - a scroll of acquirement {unknown}
 G - a scroll of identify
Potions
 c - 2 potions of brilliance
 d - 2 potions of attraction
 o - 2 potions of magic
 q - a potion of haste {unknown}
 u - 2 potions of flight {unknown}
 v - a potion of invisibility {unknown}
 x - 2 potions of curing {unknown}
 z - a potion of might {unknown}
 A - a potion of lignification {unknown}
 B - 2 potions of mutation {unknown}


   Skills:
 + Level 1.4 Fighting
 + Level 4.1 Armour
 + Level 2.9 Dodging
 + Level 4.2 Stealth
 + Level 10.4 Spellcasting
 + Level 0.5 Evocations


You had 7 spell levels left.
You knew the following spells:

 Your Spells              Type           Power      Damage    Failure   Level
a - Foxfire               Conj/Fire      100%       2x1d9     1%          1
b - Scorch                Fire           100%       2d10      1%          2
c - Conjure Flame         Conj/Fire      53%        6-21      1%          3
d - Inner Flame           Hex/Fire       53%        N/A       1%          3
e - Flame Wave            Conj/Fire      53%        2d11      1%          4
f - Apportation           Tloc           100%       N/A       1%          1
g - Static Discharge      Conj/Air       53%        N/A       1%          2
h - Summon Guardian Gole  Hex/Summ       53%        N/A       1%          3
i - Ignite Poison         Fire/Tmut/Pois 53%        N/A       1%          3
Your spell library was empty.

Dungeon Overview and Level Annotations

Branches:
Dungeon (8/15)             Temple (0/1) D:7         Ossuary (visited)
   Lair: D:8-11

Altars:
Ashenzari
Cheibriados
Elyvilon
Fedhas
Hepliaklqana
The Shining One

Shops:
D:5 [


Innate Abilities, Weirdness & Mutations

You are immune to sickness and miasma.
You are immune to poison.
Your flesh is very heat resistant. (rF++)
You are vulnerable to cold. (rC-)
You float through the air rather than walking.
You learn spells naturally, not from books.
Your magical power is your life essence.
You have superior vitality. (+4 MHP)


Message History

There is an open door here.
You're too confused to cast spells.
You bump into the stone wall.
The vampire hits you! The vampire bites you.
You're too confused to cast spells.
You bump into the stone wall.
You feel less confused. The vampire hits you! The vampire bites you!
Casting: Foxfire (safe; 1% risk of failure)
Confirm with . or Enter, or press ? or * to list all spells.
A guardian golem appears, shielding your allies.
The vampire hits you! The vampire closely misses you.
Aiming: Paralyse
Press: ? - help, Q - select action, (/) - cycle Shift-Dir - straight line, f - vampire
Aim: a vampire (ally target, chance to affect: 32%)
The vampire easily resists.
The vampire mumbles some strange words.
The vampire flickers and vanishes!
Deactivating autopickup; reactivate with Ctrl-A.
There is an open door here.
Something hits you.
* * * LOW HITPOINT WARNING * * *
Something bites you but does no damage.
You hear some strange, mumbled words.
You are confused.
You bump into the rock wall.
You hear some strange, mumbled words.
Something tries to affect you, but you resist.
You bump into the rock wall.
You hear some strange, mumbled words.
You are more confused.
Something hits you.
* * * LOW HITPOINT WARNING * * *
Something bites you.
* * * LOW HITPOINT WARNING * * *
You bump into the rock wall.
Something hits you.
* * * LOW HITPOINT WARNING * * *
Something bites you.
* * * LOW HITPOINT WARNING * * *
Found a stone staircase leading down.
Something hits you!
You die...

........#
.........###############
.[.......'..............
.........###############
.........######
.........#....#
.........#....##### #
.........#........# #
.......@.#....###.# #
.........#....###'# #
>........9....'##.# #
##########....##...# ###
#...##.....##..
#..##.......##.
######.##....#....##
#.....##⌠...# #...⌠#
#......##... ...##


You could see a friendly guardian golem (summoned).

Vanquished Creatures
  Pikel (D:5)
  An ugly thing (D:7)
  Maggie (D:6)
  Prince Ribbit (D:8)
  A wraith (Ossuary)
  Sigmund (D:6)
  A steam dragon (D:8)
  2 water moccasins
  2 orc warriors
  3 sky beasts
  A necrophage (D:5)
  An ogre (D:5)
  2 centaurs
  5 bullfrogs
  A water moccasin skeleton (D:4)
  5 howler monkeys
  3 wights (D:6)
  2 centaur zombies (D:8)
  Crazy Yiuf (D:6)
  A bullfrog skeleton (D:6)
  3 hounds
  3 gnoll shamans
  An orc priest (D:7)
  A jelly (D:7)
  2 iguanas
  5 orc wizards
  A killer bee zombie (D:6)
  3 mummies (Ossuary)
  14 gnolls
  A howler monkey zombie (D:6)
  5 adders
  A white imp (D:7)
  6 worms
  23 orcs
  4 ball pythons
  8 endoplasms
  4 giant cockroaches
  8 goblins
  3 hobgoblins
  4 kobolds
  4 quokkas (D:1)
  5 bats (D:1)
  2 frilled lizards (D:1)
  6 goblin zombies (Ossuary)
  2 hobgoblin zombies (Ossuary)
  3 kobold zombies (Ossuary)
  An orc zombie (Ossuary)
  5 rats
164 creatures vanquished.

Vanquished Creatures (collateral kills)
  3 foxfires (D:1)
3 creatures vanquished.

Vanquished Creatures (others)
  An orc (D:6)
  732 foxfires
  2 fungi (D:1)
735 creatures vanquished.

Grand Total: 902 creatures vanquished

Notes
Turn   | Place    | Note
-------+----------+-------------------------------------------
     0 | D:1      | Pinkishskies the Djinni Fire Elementalist began the quest
                  | for the Orb.
     0 | D:1      | Reached XP level 1. HP: 15/15 MP: 0/0
   246 | D:1      | Reached XP level 2. HP: 17/21 MP: 0/0
   315 | D:1      | Found a faded altar of an unknown god.
   782 | D:1      | Reached skill level 3 in Spellcasting
   782 | D:1      | Reached XP level 3. HP: 22/25 MP: 0/0
   782 | D:1      | Learned a level 1 spell: Apportation
  1480 | D:1      | Reached XP level 4. HP: 21/31 MP: 0/0
  3176 | D:3      | Reached XP level 5. HP: 28/35 MP: 0/0
  3176 | D:3      | Learned a level 2 spell: Static Discharge
  3475 | D:3      | Found a glowing golden altar of the Shining One.
  3870 | D:4      | Reached skill level 1 in Armour
  3924 | D:4      | Reached skill level 4 in Spellcasting
  4044 | D:4      | Noticed a centaur
  4062 | D:5      | Entered Level 5 of the Dungeon
  4354 | D:5      | Reached XP level 6. HP: 32/40 MP: 0/0
  4832 | D:5      | Noticed a necrophage
  4836 | D:5      | Noticed an ogre
  4842 | D:5      | Killed a necrophage
  4843 | D:5      | Reached XP level 7. HP: 35/45 MP: 0/0
  4843 | D:5      | Learned a level 3 spell: Summon Guardian Golem
  4848 | D:5      | Reached skill level 5 in Spellcasting
  5056 | D:5      | Found Beetag's Armour Boutique.
  5075 | D:5      | Noticed a water moccasin
  5085 | D:5      | Killed a water moccasin
  5238 | D:5      | Noticed Pikel
  5289 | D:5      | Killed Pikel
  5290 | D:5      | Reached skill level 6 in Spellcasting
  5290 | D:5      | Reached XP level 8. HP: 25/50 MP: 0/0
  5829 | D:6      | Found a broken altar of Ashenzari.
  5847 | D:6      | Noticed Maggie
  5861 | D:6      | Reached skill level 7 in Spellcasting
  5861 | D:6      | Killed Maggie
  5862 | D:6      | Reached XP level 9. HP: 17/56 MP: 0/0
  5862 | D:6      | Learned a level 3 spell: Ignite Poison
  6053 | D:6      | Became a worshipper of Ashenzari the Shackled
  6206 | D:6      | Reached skill level 8 in Spellcasting
  6226 | D:6      | Found a sand-covered staircase.
  6242 | Ossuary  | Entered an ossuary
  7706 | D:6      | Found a blossoming altar of Fedhas.
  8352 | D:6      | Reached skill level 1 in Fighting
  8444 | D:6      | Noticed Sigmund
  8449 | D:6      | Killed Sigmund
  8537 | D:6      | Found a snail-covered altar of Cheibriados.
  8631 | D:6      | Found a runed translucent door.
  8632 | D:6      | Noticed Crazy Yiuf
  8688 | D:6      | Killed Crazy Yiuf
  8814 | D:7      | Reached skill level 9 in Spellcasting
  9035 | D:7      | Reached XP level 10. HP: 55/62 MP: 0/0
  9283 | D:7      | Found a staircase to the Ecumenical Temple.
  9624 | D:7      | Found a hazy altar of Hepliaklqana.
  9627 | D:7      | Noticed a green ugly thing
  9642 | D:7      | Killed a green ugly thing
  9643 | D:7      | Reached skill level 10 in Spellcasting
 10658 | D:8      | Found a white marble altar of Elyvilon.
 10665 | D:8      | Noticed Prince Ribbit
 10674 | D:8      | Killed Prince Ribbit
 11318 | D:8      | Slain by a vampire

Illustrated notes

Levels and vault maps discovered:
D:1:      amcnicky_arrival_feature_with_door, layout_basic,
          shapermc_ecumenical_altar_gd, hangedman_decor_growths, st_stairs_9,
          nicolae_wormholes
D:2:      layout_loops_ring, grunt_decor_fettered
D:3:      layout_rooms, tso_metal_star
D:4:      layout_cave_pools, gup_sewer_entry_bowl, nicolae_figureground_pulse
D:5:      layout_basic, serial_shops, shop_fountains, uniq_pikel
D:6:      layout_gridville, chei_slow_surprise, mainiacjoe_overflow_chevrons,
          mainiacjoe_overflow_24_doors, lightli_ossuary_entry_decrepit_ruins,
          uniq_sigmund, uniq_maggie, uniq_crazy_yiuf_cottage
D:7:      layout_loops_ring, nicolae_overflow_crystal_walls,
          minmay_temple_entry_drinking_statues, lightli_orcish_oven
D:8:      layout_basic, elyvilon_altar_5, special_room [special_room_kobold],
          enter_bailey_6, nzn_life_drinkers, uniq_prince_ribbit1

Skill      XL: |  1  2  3  4  5  6  7  8  9 10 |
---------------+-------------------------------+-----
Spellcasting   | 3 4 6 7 9 10 | 10.4
Stealth        | 2 3 4 |  4.2
Armour         | 2 3 4 |  4.1
Fighting       | 1 |  1.4
Dodging        | |  2.9
Evocations     | |  0.5

Action                   |  1- 3 |  4- 6 |  7- 9 | 10-12 || total
-------------------------+-------+-------+-------+-------++-------
Melee: Unarmed           |       |       |       |     1 ||     1
 Cast: Foxfire           |    86 |   136 |   166 |    84 ||   472
       Scorch            |     3 |    11 |    42 |    19 ||    75
       Conjure Flame     |       |     1 |       |       ||     1
       Static Discharge  |       |     1 |       |       ||     1
       Summon Guardian G |       |       |    31 |    10 ||    41
       Inner Flame       |       |       |     3 |     4 ||     7
       Apportation       |       |       |       |     1 ||     1
Evoke: Wand              |       |       |     2 |     2 ||     4
  Use: Scroll            |       |     2 |     5 |       ||     7
       Potion            |       |       |     2 |       ||     2
Armor: Leather armour    |       |     2 |     1 |     7 ||    10
Dodge: Dodged            |     3 |     6 |    14 |    14 ||    37
